TOP OF THE 1ST |
Erie SeaWolves batting - Pitching for New Hampshire Fisher Cats : RHP Cornelius Cathey
|
Pitching: RHP Cornelius Cathey
|
|
Batting: RHB Jamie Jacobs
|
0-0: Foul Ball, location: 23F 0-1: Swinging Strike 0-2: Strikes out swinging
|
Batting: LHB Cody Doran
|
0-0: Fly out, F7 (Flyball, 78M, EV 97.5 MPH)
|
Batting: RHB Pat Hendrickson
|
0-0: Ball 1-0: Swinging Strike 1-1: Ball 2-1: Swinging Strike 2-2: Ground out 5-3 (Groundball, 5, EV 88.1 MPH)
|
Top of the 1st over - 0 runs, 0 hits, 0 errors, 0 left on base; Erie 0 - New Hampshire 0 |
BOTTOM OF THE 1ST |
New Hampshire Fisher Cats batting - Pitching for Erie SeaWolves : RHP Andrew Kleinke
|
Pitching: RHP Andrew Kleinke
|
|
Batting: SHB Juan Garcia
|
0-0: Ball 1-0: DOUBLE (Line Drive, 3D, EV 95.6 MPH)
|
Batting: RHB Fernando Fernandez
|
0-0: Ball 1-0: Ball 2-0: Called Strike 2-1: Foul Ball, location: 25FF 2-2: Ball 3-2: Strikes out looking
|
Batting: RHB Tony Sauceda
|
0-0: Called Strike 0-1: Swinging Strike 0-2: Strikes out swinging
|
Batting: SHB Brad Taylor
|
0-0: Ground out 4-3 (Groundball, 4, EV 91.9 MPH)
|
Bottom of the 1st over - 0 runs, 1 hit, 0 errors, 1 left on base; Erie 0 - New Hampshire 0 |
TOP OF THE 2ND |
Erie SeaWolves batting - Pitching for New Hampshire Fisher Cats : RHP Cornelius Cathey
|
Batting: LHB Mike Hull
|
0-0: Called Strike 0-1: Swinging Strike 0-2: Ball 1-2: Ground out 1-3 (Groundball, 13S, EV 73.1 MPH)
|
Batting: RHB Jessie Mestrovich
|
0-0: Called Strike 0-1: Fly out, F8 (Flyball, 8LM, EV 95.6 MPH)
|
Batting: LHB Randy Henderson
|
0-0: Called Strike 0-1: Called Strike 0-2: Fly out, F9 (Flyball, 9, EV 90.6 MPH)
|
Top of the 2nd over - 0 runs, 0 hits, 0 errors, 0 left on base; Erie 0 - New Hampshire 0 |
BOTTOM OF THE 2ND |
New Hampshire Fisher Cats batting - Pitching for Erie SeaWolves : RHP Andrew Kleinke
|
Batting: SHB Adam Arnett
|
0-0: Ball 1-0: Reached on error, E1 (Groundball, 13S, EV 70.6 MPH)
|
Batting: RHB Nick Slate
|
0-0: Called Strike 0-1: Called Strike 0-2: Foul Ball, location: 9LMF 0-2: Ball 1-2: Strikes out swinging
|
Batting: RHB Benny Schallhorn
|
0-0: Ball 1-0: Ball 2-0: Fielders Choice at 2nd, 5-4 (Groundball, 56S, EV 87.5 MPH)
|
Batting: SHB Jorge Iglesias
|
0-0: Called Strike 0-1: Ball 1-1: Ball 2-1: Ball 3-1: SINGLE (Line Drive, 8RS, EV 95.0 MPH) Benny Schallhorn to second Runner from 2nd tries for 3rd, SAFE, throw by CF made to third
|
Batting: SHB Bob Rogalski
|
0-0: Called Strike 0-1: Swinging Strike 0-2: Ball 1-2: Strikes out swinging
|
Bottom of the 2nd over - 0 runs, 1 hit, 1 error, 2 left on base; Erie 0 - New Hampshire 0 |
TOP OF THE 3RD |
Erie SeaWolves batting - Pitching for New Hampshire Fisher Cats : RHP Cornelius Cathey
|
Batting: RHB Ryan Wasson
|
0-0: Called Strike 0-1: Ball 1-1: Foul Ball, location: 3FF 1-2: Ball 2-2: Ball 3-2: Foul Ball, location: 9LSF 3-2: Foul Ball, location: 5DF 3-2: Base on Balls
|
Batting: RHB Johnny Gonzalez
|
0-0: DOUBLE (Line Drive, 89D, EV 99.4 MPH) Ryan Wasson to third
|
Batting: RHB Alfredo Carrillo
|
0-0: Called Strike 0-1: Ball 1-1: Ball 2-1: Ball 3-1: Called Strike 3-2: Fly out, F8 (Flyball, 8RM, EV 98.1 MPH) Runner from 3rd tags up, SCORES, no throw by CF
|
Batting: RHB Jamie Jacobs
|
0-0: Ball 1-0: Ball 2-0: Swinging Strike 2-1: Foul Ball, location: 2F 2-2: Fly out, F8 (Flyball, 8RD, EV 100.0 MPH)
|
Batting: LHB Cody Doran
|
0-0: Ball 1-0: Called Strike 1-1: Ground out 4-3 (Groundball, 4, EV 76.9 MPH)
|
Top of the 3rd over - 1 run, 1 hit, 0 errors, 1 left on base; Erie 1 - New Hampshire 0 |
BOTTOM OF THE 3RD |
New Hampshire Fisher Cats batting - Pitching for Erie SeaWolves : RHP Andrew Kleinke
|
Batting: SHB Juan Garcia
|
0-0: Called Strike 0-1: Ball 1-1: Ball 2-1: Ball 3-1: Called Strike 3-2: Fly out, F7 (Flyball, 78S, EV 85.6 MPH)
|
Batting: RHB Fernando Fernandez
|
0-0: Ball 1-0: Called Strike 1-1: Foul Ball, location: 2LF 1-2: Ground out 5-3 (Groundball, 56S, EV 81.9 MPH)
|
Batting: RHB Tony Sauceda
|
0-0: Ball 1-0: Fly out, F9 (Line Drive, 9, EV 86.3 MPH)
|
Bottom of the 3rd over - 0 runs, 0 hits, 0 errors, 0 left on base; Erie 1 - New Hampshire 0 |
TOP OF THE 4TH |
Erie SeaWolves batting - Pitching for New Hampshire Fisher Cats : RHP Cornelius Cathey
|
Batting: RHB Pat Hendrickson
|
0-0: Ground out 6-3 (Groundball, 6S, EV 87.5 MPH)
|
Batting: LHB Mike Hull
|
0-0: Foul Ball, location: 2F 0-1: Foul Ball, location: 2F 0-2: Ball 1-2: Ground out 4-3 (Groundball, 4, EV 79.4 MPH)
|
Batting: RHB Jessie Mestrovich
|
0-0: Ball 1-0: Ball 2-0: SINGLE (Groundball, 4MD, EV 96.9 MPH)
|
Batting: LHB Randy Henderson
|
0-0: Ball 1-0: Fly out, F7 (Line Drive, 7, EV 89.4 MPH)
|
Top of the 4th over - 0 runs, 1 hit, 0 errors, 1 left on base; Erie 1 - New Hampshire 0 |
BOTTOM OF THE 4TH |
New Hampshire Fisher Cats batting - Pitching for Erie SeaWolves : RHP Andrew Kleinke
|
Batting: SHB Brad Taylor
|
0-0: Swinging Strike 0-1: Ball 1-1: SINGLE (Line Drive, 34D, EV 98.1 MPH)
|
Batting: SHB Adam Arnett
|
0-0: Fielders Choice at 2nd, 4-6 (Groundball, 4, EV 90.6 MPH)
|
Batting: RHB Nick Slate
|
0-0: Called Strike 0-1: Called Strike 0-2: Ball Adam Arnett steals 2nd base 1-2: Foul Ball, location: 9LMF 1-2: Foul Ball, location: 25F 1-2: SINGLE (Groundball, 6S, EV 77.5 MPH) (infield hit) Adam Arnett to third
|
Batting: RHB Benny Schallhorn
|
0-0: Ball 1-0: Grounds into double play, 5-4-3 (Groundball, 56, EV 94.4 MPH)
|
Bottom of the 4th over - 0 runs, 2 hits, 0 errors, 1 left on base; Erie 1 - New Hampshire 0 |
TOP OF THE 5TH |
Erie SeaWolves batting - Pitching for New Hampshire Fisher Cats : RHP Cornelius Cathey
|
Batting: RHB Ryan Wasson
|
0-0: Ball 1-0: Foul Ball, location: 7LMFF 1-1: Ball 2-1: Ball 3-1: Ground out 4-3 (Groundball, 4D, EV 90.6 MPH)
|
Batting: RHB Johnny Gonzalez
|
0-0: Called Strike 0-1: Ball 1-1: Fly out, F6 (Line Drive, 6M, EV 69.4 MPH)
|
Batting: RHB Alfredo Carrillo
|
0-0: Ball 1-0: Foul Ball, location: 7LSF 1-1: Foul Ball, location: 2LF 1-2: Foul Ball, location: 2F 1-2: Fly out, F7 (Line Drive, 7, EV 86.9 MPH)
|
Top of the 5th over - 0 runs, 0 hits, 0 errors, 0 left on base; Erie 1 - New Hampshire 0 |
BOTTOM OF THE 5TH |
New Hampshire Fisher Cats batting - Pitching for Erie SeaWolves : RHP Andrew Kleinke
|
Batting: SHB Jorge Iglesias
|
0-0: Called Strike 0-1: Fly out, F8 (Flyball, 8RD, EV 105.6 MPH)
|
Batting: SHB Bob Rogalski
|
0-0: Ball 1-0: Called Strike 1-1: Foul Ball, location: 2F 1-2: Ball 2-2: Foul Ball, location: 7LDF 2-2: Foul Ball, location: 7LMF 2-2: Ground out 4-3 (Groundball, 4, EV 87.5 MPH)
|
Batting: SHB Juan Garcia
|
0-0: Foul Ball, location: 2LF 0-1: Foul Ball, location: 3F 0-2: Ball 1-2: Ground out 4-3 (Groundball, 4, EV 79.4 MPH)
|
Bottom of the 5th over - 0 runs, 0 hits, 0 errors, 0 left on base; Erie 1 - New Hampshire 0 |
TOP OF THE 6TH |
Erie SeaWolves batting - Pitching for New Hampshire Fisher Cats : RHP Cornelius Cathey
|
Batting: RHB Jamie Jacobs
|
0-0: Ball 1-0: Ball 2-0: Fly out, F5 (Popup, 56, EV 67.5 MPH)
|
Batting: LHB Cody Doran
|
0-0: Ball 1-0: Swinging Strike 1-1: SINGLE (Line Drive, 6MD, EV 96.3 MPH)
|
Batting: RHB Pat Hendrickson
|
0-0: Foul Ball, location: 5FF 0-1: Ball 1-1: Called Strike 1-2: Strikes out looking Cody Doran steals 2nd base Batter strikes out.
|
Batting: LHB Mike Hull
|
0-0: Ball 1-0: Called Strike 1-1: Called Strike 1-2: Ground out 4-3 (Groundball, 4, EV 86.3 MPH)
|
Top of the 6th over - 0 runs, 1 hit, 0 errors, 1 left on base; Erie 1 - New Hampshire 0 |
BOTTOM OF THE 6TH |
New Hampshire Fisher Cats batting - Pitching for Erie SeaWolves : RHP Andrew Kleinke
|
Batting: RHB Fernando Fernandez
|
0-0: Ball 1-0: Foul Ball, location: 2F 1-1: Ball 2-1: Ball 3-1: SINGLE (Groundball, 34D, EV 99.4 MPH)
|
Batting: RHB Tony Sauceda
|
0-0: Called Strike 0-1: Called Strike 0-2: Ball 1-2: Ball 2-2: Grounds into double play, 5-4-3 (Groundball, 56S, EV 85.0 MPH)
|
Batting: SHB Brad Taylor
|
0-0: Fly out, F8 (Flyball, 8RD, EV 97.5 MPH)
|
Bottom of the 6th over - 0 runs, 1 hit, 0 errors, 0 left on base; Erie 1 - New Hampshire 0 |
TOP OF THE 7TH |
Erie SeaWolves batting - Pitching for New Hampshire Fisher Cats : RHP Cornelius Cathey
|
Batting: RHB Jessie Mestrovich
|
0-0: Swinging Strike 0-1: Foul Ball, location: 3F 0-2: Ball 1-2: Foul Ball, location: 3SF 1-2: Ball 2-2: Ball 3-2: Fly out, F7 (Flyball, 7LS, EV 87.5 MPH)
|
Batting: LHB Randy Henderson
|
0-0: Foul Ball, location: 7LSF 0-1: Called Strike 0-2: Ball 1-2: Fly out, F7 (Flyball, 78D, EV 103.8 MPH)
|
Batting: RHB Ryan Wasson
|
0-0: Ball 1-0: Called Strike 1-1: Fly out, F9 (Flyball, 89S, EV 76.9 MPH)
|
Top of the 7th over - 0 runs, 0 hits, 0 errors, 0 left on base; Erie 1 - New Hampshire 0 |
BOTTOM OF THE 7TH |
New Hampshire Fisher Cats batting - Pitching for Erie SeaWolves : RHP Andrew Kleinke
|
Batting: SHB Adam Arnett
|
0-0: Foul Ball, location: 2F 0-1: Ball 1-1: Ball 2-1: Called Strike 2-2: DOUBLE (Line Drive, 89D, EV 101.9 MPH)
|
Batting: RHB Nick Slate
|
0-0: Called Strike 0-1: Ball 1-1: Ball 2-1: Ball 3-1: Foul Ball, location: 2F 3-2: Base on Balls
|
Pinch Hitting: LHB Luis Maldonado
|
0-0: Ball 1-0: Foul Ball, location: 2F 1-1: Swinging Strike 1-2: Ground out 5-3 (Groundball, 56S, EV 90.0 MPH) Adam Arnett to third Nick Slate to second
|
Batting: SHB Jorge Iglesias
|
0-0: Swinging Strike 0-1: Foul Ball, location: 3F 0-2: Fly out, F8 (Flyball, 78D, EV 103.8 MPH) Runner from 3rd tags up, SCORES, no throw by CF
|
Batting: SHB Bob Rogalski
|
0-0: Ball 1-0: SINGLE (Line Drive, 7LS, EV 108.1 MPH) Nick Slate to third
|
Batting: SHB Juan Garcia
|
0-0: Ball 1-0: Ball 2-0: Fly out, F4 (Line Drive, 4D, EV 71.3 MPH)
|
Bottom of the 7th over - 1 run, 2 hits, 0 errors, 2 left on base; Erie 1 - New Hampshire 1 |
TOP OF THE 8TH |
Erie SeaWolves batting - Pitching for New Hampshire Fisher Cats : RHP Cornelius Cathey
|
Pitching: RHP Edgar Gines
|
|
Now at 1B: Sandy Felcia
|
|
Now in RF: Adam Arnett
|
|
Batting: RHB Johnny Gonzalez
|
0-0: Ball 1-0: Ball 2-0: SINGLE (Line Drive, 8RS, EV 108.1 MPH)
|
Pinch Hitting: LHB Francisco Valenzuela
|
0-0: Ball 1-0: Ball 2-0: Ball Passed Ball! Johnny Gonzalez to second 3-0: Intentional Walk
|
Pinch Hitting: SHB Eddie Maceda
|
0-0: Called Strike 0-1: Ball 1-1: Fly out, F4 (Line Drive, 4D, EV 71.9 MPH)
|
Batting: LHB Cody Doran
|
0-0: Ball 1-0: Ball 2-0: Called Strike 2-1: Fielders Choice at 2nd, 4-6 (Groundball, 4, EV 79.4 MPH) Johnny Gonzalez to third
|
Batting: RHB Pat Hendrickson
|
0-0: Called Strike 0-1: Swinging Strike 0-2: Strikes out swinging
|
Top of the 8th over - 0 runs, 1 hit, 0 errors, 2 left on base; Erie 1 - New Hampshire 1 |
BOTTOM OF THE 8TH |
New Hampshire Fisher Cats batting - Pitching for Erie SeaWolves : RHP Andrew Kleinke
|
Pitching: RHP Juan Vence
|
|
Now at 1B: Juan de la Parra
|
|
Now in LF: Francisco Valenzuela
|
|
Now in CF: Cody Doran
|
|
Pinch Hitting: RHB Jesse Stewart
|
0-0: Fly out, F9 (Flyball, 9, EV 83.8 MPH)
|
Batting: RHB Tony Sauceda
|
0-0: Ball 1-0: Ball 2-0: Fly out, F7 (Line Drive, 7D, EV 90.6 MPH)
|
Batting: SHB Brad Taylor
|
0-0: Ball 1-0: Ball 2-0: Foul Ball, location: 7LDF 2-1: Ball 3-1: Base on Balls
|
Batting: SHB Adam Arnett
|
0-0: Called Strike 0-1: Called Strike 0-2: Ball 1-2: Ball 2-2: Foul Ball, location: 2F 2-2: Ground out 4-3 (Groundball, 4, EV 109.4 MPH)
|
Bottom of the 8th over - 0 runs, 0 hits, 0 errors, 1 left on base; Erie 1 - New Hampshire 1 |
TOP OF THE 9TH |
Erie SeaWolves batting - Pitching for New Hampshire Fisher Cats : RHP Edgar Gines
|
Now at 1B: Brian Marrero
|
|
Now at 2B: Sandy Felcia
|
|
Batting: LHB Mike Hull
|
0-0: Ball 1-0: Ball 2-0: Swinging Strike 2-1: Ball 3-1: Foul Ball, location: 2F 3-2: DOUBLE (Line Drive, 89D, EV 104.4 MPH)
|
Batting: RHB Jessie Mestrovich
|
0-0: Swinging Strike 0-1: Ball 1-1: Called Strike 1-2: Strikes out swinging
|
Batting: LHB Randy Henderson
|
0-0: Ball 1-0: Called Strike 1-1: Fly out, F7 (Flyball, 78S, EV 80.6 MPH)
|
Batting: RHB Ryan Wasson
|
0-0: Called Strike 0-1: Foul Ball, location: 5FF 0-2: Ball 1-2: Foul Ball, location: 2F 1-2: Strikes out looking
|
Top of the 9th over - 0 runs, 1 hit, 0 errors, 1 left on base; Erie 1 - New Hampshire 1 |
BOTTOM OF THE 9TH |
New Hampshire Fisher Cats batting - Pitching for Erie SeaWolves : RHP Juan Vence
|
Batting: RHB Nick Slate
|
0-0: Called Strike 0-1: Ball 1-1: Ball 2-1: SINGLE (Line Drive, 89M, EV 96.9 MPH)
|
Batting: RHB Sandy Felcia
|
0-0: Bunted foul 0-1: Bunted foul 0-2: Fly out, F7 (Flyball, 7, EV 80.6 MPH)
|
Batting: SHB Jorge Iglesias
|
0-0: Ball 1-0: Called Strike 1-1: Ball 2-1: Called Strike 2-2: Strikes out swinging
|
Pinch Hitting: LHB Will Pemberton
|
0-0: Ball 1-0: Foul Ball, location: 7LMF 1-1: Ball 2-1: Ground out 4-3 (Groundball, 4, EV 110.6 MPH)
|
Bottom of the 9th over - 0 runs, 1 hit, 0 errors, 1 left on base; Erie 1 - New Hampshire 1 |
TOP OF THE 10TH |
Erie SeaWolves batting - Pitching for New Hampshire Fisher Cats : RHP Edgar Gines
|
Ryan Wasson starts the inning at 2nd base.
|
|
Now at C: Will Pemberton
|
|
Batting: RHB Johnny Gonzalez
|
0-0: Fly out, F8 (Line Drive, 8LS, EV 89.4 MPH)
|
Batting: LHB Francisco Valenzuela
|
0-0: Ball 1-0: Called Strike 1-1: Ground out U3 (Groundball, 3, EV 86.3 MPH) Ryan Wasson to third
|
Batting: RHB Juan de la Parra
|
0-0: Called Strike 0-1: Ball 1-1: SINGLE (Line Drive, 9LM, EV 85.6 MPH) Ryan Wasson scores
|
Pitching: LHP Tom Buckley
|
|
Batting: LHB Cody Doran
|
0-0: Called Strike 0-1: Foul Ball, location: 2F 0-2: Ball 1-2: Foul Ball, location: 3F 1-2: Fielders Choice at 2nd, 5-4 (Groundball, 56, EV 83.8 MPH)
|
Top of the 10th over - 1 run, 1 hit, 0 errors, 1 left on base; Erie 2 - New Hampshire 1 |
BOTTOM OF THE 10TH |
New Hampshire Fisher Cats batting - Pitching for Erie SeaWolves : RHP Juan Vence
|
Will Pemberton starts the inning at 2nd base.
|
|
Batting: SHB Juan Garcia
|
0-0: Called Strike 0-1: Called Strike 0-2: Ball 1-2: DOUBLE (Line Drive, 89M, EV 98.1 MPH) Will Pemberton scores
|
Pitching: RHP Dustin Gaul
|
|
Batting: RHB Brian Marrero
|
0-0: Ball 1-0: SINGLE (Groundball, 4MD, EV 105.6 MPH) Juan Garcia to third Runner from 3rd tries for Home, SAFE, throw by CF to home
|
Bottom of the 10th over - 2 runs, 2 hits, 0 errors, 1 left on base; Erie 2 - New Hampshire 3 |
|